 Dungeon Crawl Stone Soup version 0.30.1 (webtiles) character file.

Game seed: 8075494725274539976

14 monsoonserge the Insei (level 2, 0/33 HPs)
             Began as a Djinni Transmuter on July 8, 2023.
             Slain by a kobold
             ... wielding a +0 club
              (3 damage)
             ... on level 1 of the Dungeon.
             The game lasted 00:01:53 (403 turns).

monsoonserge the Insei (Djinni Transmuter)           Turns: 403, Time: 00:01:54

Health: 0/33       AC: 21    Str:  9    XL:     2   Next: 55%
Gold:   8          EV:  2    Int: 14    God:
                   SH:  0    Dex: 13

rFire   . .          .
                       - Unarmed
rCold   . . .        (no shield)
rNeg    . . .        a - melded +0 robe
rPois   ∞            (helmet currently unavailable)
rElec   .            (cloak currently unavailable)
rCorr   .            (gloves currently unavailable)
SInv    .            (boots unavailable)
Will    .....        (no amulet)
Stlth   +            (no ring)
HPRegen 0.25/turn    (no ring)
MPRegen 0.00/turn

%: infuse magic (-1 HP)
@: tree-form
A: stationary, stasis, torment immunity, boosted hp, sickness immunity, (fire
resistance 2), (cold vulnerability 1), float, innate caster, HP casting, extra
vitality 1
a: no special abilities


You were on level 1 of the Dungeon.
You were a tree.
You visited 1 branch of the dungeon, and saw 1 of its levels.

You collected 8 gold pieces.

Inventory:

Missiles
 d - 6 poisoned darts (quivered)
Armour
 a - a +0 robe (melded)
Scrolls
 c - a scroll of vulnerability {unknown}
Potions
 e - a potion of flight {unknown}


   Skills:
 + Level 1.0 Fighting
 + Level 2.3 Dodging
 * Level 3.5 Unarmed Combat
 * Level 1.7 Spellcasting


You knew the following spells:

 Your Spells              Type           Power      Damage    Failure   Level
a - Beastly Appendage     Tmut           12%        N/A       12%         1
b - Wereblood             Tmut           6%         N/A       19%         2
c - Spider Form           Tmut/Pois      6%         N/A       34%         3
d - Ice Form              Ice/Tmut       6%         N/A       75%         4
Your spell library was empty.

Dungeon Overview and Level Annotations

Branches:
Dungeon (1/15)

Altars:


Innate Abilities, Weirdness & Mutations

You are a tree.
Your roots penetrate the ground, keeping you stationary.
You cannot be teleported.
You are immune to unholy pain and torment.
Your maximum health is greatly increased.
Your equipment is partially melded.
You are immune to sickness and miasma.
You are immune to poison.
((Your flesh is very heat resistant. (rF++)))
((You are vulnerable to cold. (rC-)))
You float through the air rather than walking.
You learn spells naturally, not from books.
Your magical power is your life essence.
You have superior vitality. (+4 MHP)


Message History

The kobold throws a stone.
The stone closely misses you. The kobold hits you with a +0 club.
You hit the kobold.
The kobold is heavily wounded.
The kobold hits you with a +0 club.
You hit the kobold.
The kobold is severely wounded.
The kobold barely misses you.
You hit the kobold but do no damage.
The kobold is severely wounded.
You barely miss the kobold.
The kobold is severely wounded.
The kobold hits you with a +0 club.
You barely miss the kobold.
The kobold is severely wounded.
The kobold hits you with a +0 club. The kobold closely misses you.
You hit the kobold but do no damage.
The kobold is severely wounded.
Your horns disappear.
The kobold hits you with a +0 club.
* * * LOW HITPOINT WARNING * * *
The kobold closely misses you.
You miss the kobold.
The kobold is severely wounded.
The kobold hits you with a +0 club.
* * * LOW HITPOINT WARNING * * *
The kobold misses you.
Okay, then.
Really quaff the potion of lignification?
You turn into a tree.
Your +0 robe melds into your body.
Your roots penetrate the ground.
The kobold hits you but does no damage. The frilled lizard barely misses you.
The kobold hits you with a +0 club.
* * * LOW HITPOINT WARNING * * *
Press: ? - help, v - describe, . - travel
Here: a kobold, wielding a +0 club and quivering stones (heavily wounded)
The floor, spattered with blood.
You barely miss the kobold.
The kobold is heavily wounded.
The kobold completely misses you. The kobold hits you with a +0 club.
You die...

##
.........####...........
#
.........####.##..#..##.
........†...............
..#####.#####.###.#..##.
. ......................#
.
....#####.......###.#....
. ...l.K..........#
.....# .
....#####Kl....## .
#♣#.#### #K#.# #.#.#
..... . #.# # . #.# #.#
#.#


You could see 2 kobolds and a frilled lizard.

Vanquished Creatures
  2 endoplasms (D:1)
  A giant cockroach (D:1)
  4 hobgoblins (D:1)
  A quokka (D:1)
  A frilled lizard (D:1)
  2 kobolds (D:1)
11 creatures vanquished.

Notes
Turn   | Place    | Note
-------+----------+-------------------------------------------
     0 | D:1      | monsoonserge the Djinni Transmuter began the quest for the
                  | Orb.
     0 | D:1      | monsoonserge set off with the following spells memorised:
                  | Beastly Appendage, Wereblood, Spider Form, Ice Form.
     0 | D:1      | Reached XP level 1. HP: 17/17 MP: 0/0
   206 | D:1      | Reached XP level 2. HP: 19/22 MP: 0/0
   403 | D:1      | Slain by a kobold

Illustrated notes

Levels and vault maps discovered:
D:1:      dpeg_arrival_rhombi, layout_basic

Action                     || total
---------------------------++-------
  Melee: Unarmed           ||    58
         Headbutt          ||     3
   Cast: Beastly Appendage ||     9
    Use: Potion            ||     1
 Armour: Robe              ||     5
         Skin              ||     1
  Dodge: Dodged            ||    32
